 Dungeon Crawl Stone Soup version 0.21.0-3-g78d12a8 (webtiles) character file.

19210 HungrySpirit the Basher (level 12, -1/78 HPs)
             Began as a Gargoyle Wanderer on Jan 10, 2018.
             Was a High Priest of the Shining One.
             Slain by a phantasmal warrior (20 damage)
             ... led by a death knight
             ... on level 12 of the Dungeon.
             The game lasted 00:39:18 (14086 turns).

HungrySpirit the Basher (Gargoyle Wanderer)        Turns: 14086, Time: 00:39:18

Health: -1/78      AC: 26    Str: 21    XL:     12   Next: 66%
Magic:  19/19      EV:  7    Int: 16    God:    the Shining One [*****.]
Gold:   812        SH:  0    Dex: 10    Spells: 15/15 levels left

rFire    + . .     SeeInvis .   i - +3 eveningstar (freeze)
rCold    + . .     Gourm    .   (no shield)
rNeg     + + +     Faith    .   f - +0 plate armour
rPois    ∞         Spirit   .   (helmet restricted)
rElec    +         Reflect  .   s - +0 cloak
rCorr    .         Harm     .   A - +0 pair of gloves (curse)
MR       .....                  (no boots)
Stlth    ..........             E - amulet of magic regeneration
HPRegen  0.23/turn              P - ring of protection from fire
MPRegen  0.41/turn              y - ring of protection from cold

@: vulnerable, glowing
A: horns 1, agile 1, high mp 1, magic resistance 1, negative energy resistance
1, electricity resistance, strong 1, wild magic 1, unbreathing, petrification
resistance, rot immunity, AC +8
a: Divine Shield, Cleansing Flame, Summon Divine Warrior, Renounce Religion


You were on level 12 of the Dungeon.
You worshipped the Shining One.
The Shining One was extremely pleased with you.
You were hungry.

You visited 2 branches of the dungeon, and saw 14 of its levels.
You also visited: Ossuary and Bailey.

You collected 812 gold pieces.

Inventory:

Hand Weapons
 i - a +3 eveningstar of freezing (weapon)
 z - a +0 flail of electrocution
Armour
 e - a +0 shield
 f - a +0 plate armour (worn)
 s - a +0 cloak (worn)
 t - a +1 helmet
 A - a cursed +0 pair of gloves (worn)
 B - a +0 large shield
Jewellery
 l - an uncursed ring of protection from fire
 y - a ring of protection from cold (right hand)
 E - an amulet of magic regeneration (around neck)
 M - an uncursed ring of fire
 N - an uncursed ring of ice
 P - a ring of protection from fire (left hand)
Wands
 m - a wand of flame (110)
 R - a wand of paralysis (23)
 V - a wand of acid (9)
Scrolls
 b - 5 scrolls of teleportation
 h - 2 scrolls of fog
 k - 2 scrolls of fear
 p - 8 scrolls of remove curse
 q - 2 scrolls of enchant armour
 u - 2 scrolls of amnesia
 v - 2 scrolls of magic mapping
 F - a scroll of immolation
 H - 2 scrolls of blinking
 L - 2 scrolls of identify
 S - a scroll of summoning
Potions
 a - 4 potions of cancellation
 g - 5 potions of curing
 j - 3 potions of lignification
 n - 3 potions of flight
 o - a potion of magic {unknown}
 r - 5 potions of might {unknown}
 w - a potion of degeneration {unknown}
 x - a potion of ambrosia
 C - 2 potions of brilliance {unknown}
 D - 5 potions of heal wounds
 J - 2 potions of resistance {unknown}
 K - 2 potions of mutation
 O - a potion of haste
 U - a potion of agility {unknown}
Comestibles
 d - 29 rations


   Skills:
 + Level 10.5 Fighting
 * Level 13.5 Maces & Flails
 + Level 10.4 Armour
 - Level 1.1 Stealth
 + Level 3.8 Shields
 - Level 2.0 Spellcasting
   Level 1.2 Earth Magic
 + Level 7.5 Invocations


You had 15 spell levels left.
You didn't know any spells.

Dungeon Overview and Level Annotations

Branches:
Dungeon (13/15)            Temple (1/1) D:6            Lair (0/6) D:11
    Orc (0/2) D:9
 Vaults: D:13-14

Altars:
Makhleb
Nemelex Xobeh
Okawaru
Ru
Sif Muna
Trog
Uskayaw
Xom
Zin
The Shining One
Beogh
Lugonu

Shops:
D:6 [   D:8 !

Annotations:
D:3 Gandalfino's ghost, amateur CeHu
D:4 komo4ek's ghost, amateur HuGl
D:11 exclusion: oklob plant


Innate Abilities, Weirdness & Mutations

You are resistant to torment.
Your stone body is resilient. (AC +8)
You are immune to poison.
You resist negative energy. (rN+)
You are resistant to electric shocks. (rElec)
You can survive without breathing.
You are immune to petrification.
You are immune to rotting.
You have a pair of small horns on your head.
You are agile. (Dex +2)
You have an increased reservoir of magic. (+10% MP)
You are resistant to hostile enchantments. (MR+)
Your muscles are strong. (Str +2)
Your spells are a little harder to cast, but a little more powerful.


Message History

The phantasmal warrior barely misses you.
Unknown command.
Unknown command.
The death knight offers itself to Yredelemnul, and fills with unholy energy.
The phantasmal warrior hits you but does no damage.
A hungry ghost comes into view.
The death knight's dark mirror aura disappears.
The phantasmal warrior blinks!
The phantasmal warrior blinks!
There is a stone staircase leading up here.
The phantasmal warrior hits you.
* * * LOW HITPOINT WARNING * * *
You climb upwards.
There is a stone staircase leading down here.
Unknown command.
Unknown command.
You hit the phantasmal warrior but do no damage.
The phantasmal warrior is lightly damaged.
The phantasmal warrior hits you!!
You die...

#..........# #..........#
#..........# ##........##
####..........# # #..#..........#
# ## #..#..........# ###### .#
#..#.........<# ##..... .#
#............@# ##...... .#
#.###.......W######## #.......
.###.####.......##.....###.......
.....>###..###..##.....#.........
............##...........#.......
......#.........#......###.......
......##....>..........####......
.#..#............#...............
.#..A..................########.#


You could see a phantasmal warrior.

Vanquished Creatures
  The ghost of mortelune the Severer, a journeyman DDFi of Makhleb (D:12)
  2 hydras
  A two-headed ogre (D:10)
  An orc high priest (Bailey)
  An orc knight (Bailey)
  An ugly thing (D:12)
  A manticore (D:13)
  2 gargoyles
  A centaur skeleton (D:12)
  4 kobold demonologists
  A freezing wraith (D:13)
  A komodo dragon (D:12)
  A hornet (D:9)
  2 hippogriffs
  A shadow (D:12)
  The ghost of tidbits the Sneak, an amateur VSCj (D:8)
  A wraith (D:10)
  A wyvern (D:12)
  13 yaks
  13 orc warriors
  3 ice beasts
  A black bear (D:12)
  An eye of draining (D:10)
  3 sky beasts
  3 phantoms
  6 centaurs
  6 ogres
  An elf zombie (Ossuary)
  Blork the orc (D:4)
  11 bullfrogs
  A wyvern zombie (D:9)
  5 scorpions
  3 wights (D:10)
  9 killer bees
  4 howler monkeys
  4 electric eels (Bailey)
  3 bullfrog zombies
  4 centaur zombies
  6 crimson imps
  2 human zombies (Ossuary)
  7 hounds
  7 orc priests
  6 jellies
  7 orc wizards
  A bullfrog skeleton (D:12)
  6 iguanas
  11 worker ants
  A killer bee zombie (D:5)
  A big kobold zombie (Ossuary)
  A hound skeleton (D:5)
  3 mummies
  4 gnolls
  A howler monkey skeleton (D:8)
  11 adders
  2 shadow imps
  5 oozes (D:9)
  4 adder zombies
  2 adder skeletons
  A worm (D:4)
  2 dart slugs
  5 leopard geckos
  54 orcs
  4 giant cockroaches
  15 goblins
  10 hobgoblins
  6 jackals
  3 quokkas
  3 bats (D:3)
  6 frilled lizards
  6 hobgoblin zombies (Ossuary)
  4 kobolds
  11 kobold zombies (Ossuary)
  A leopard gecko skeleton (D:7)
  11 orc zombies (Ossuary)
  10 rats
359 creatures vanquished.

Vanquished Creatures (collateral kills)
  Rupert (D:12)
  A hippogriff (D:12)
2 creatures vanquished.

Vanquished Creatures (others)
  An orc warrior (Bailey)
  2 worker ants (D:5)
  A giant cockroach (D:5)
4 creatures vanquished.

Grand Total: 365 creatures vanquished

Notes
Turn   | Place    | Note
-------+----------+-------------------------------------------
     0 | D:1      | HungrySpirit the Gargoyle Wanderer began the quest for the Orb.
     0 | D:1      | HungrySpirit set off with: a book of Geomancy, a +0 ring mail, a +0 mace, a ration
     0 | D:1      | Reached XP level 1. HP: 12/12 MP: 3/3
   113 | D:1      | Reached XP level 2. HP: 12/16 MP: 5/5
  1079 | D:2      | Reached XP level 3. HP: 13/21 MP: 6/6
  1295 | D:2      | Found a sacrificial altar of Ru.
  1365 | D:2      | Found a bloodstained altar of Trog.
  1644 | D:3      | Noticed Gandalfino's ghost (amateur CeHu)
  1655 | D:3      | Reached skill level 4 in Maces & Flails
  1739 | D:2      | Reached XP level 4. HP: 21/26 MP: 7/7
  2651 | D:3      | Reached XP level 5. HP: 31/31 MP: 8/8
  2670 | D:4      | HP: 1/31 [orc priest/divine providence (16)]
  3073 | D:4      | Noticed komo4ek's ghost (amateur HuGl)
  3198 | D:4      | Reached skill level 5 in Maces & Flails
  3198 | D:4      | Reached XP level 6. HP: 8/37 MP: 9/9
  4192 | D:4      | Noticed a phantom
  4277 | D:4      | Killed a phantom
  4277 | D:4      | Reached XP level 7. HP: 38/42 MP: 10/10
  4364 | D:5      | Entered Level 5 of the Dungeon
  4461 | D:4      | Reached skill level 6 in Maces & Flails
  4999 | D:5      | Found a shimmering altar of Xom.
  5147 | D:5      | Reached XP level 8. HP: 38/48 MP: 11/11
  5351 | D:5      | Reached skill level 7 in Maces & Flails
  5413 | D:5      | Noticed Blork the orc
  5461 | D:4      | Killed Blork the orc
  5461 | D:4      | Reached skill level 5 in Fighting
  5527 | D:4      | Gained mutation: Your mind is acute. (Int +2) [potion of mutation]
  5527 | D:4      | Gained mutation: Your mind is very acute. (Int +4) [potion of mutation]
  5927 | D:6      | Reached skill level 5 in Armour
  6517 | D:6      | Found Ohucseimp's Armour Boutique.
  6537 | D:6      | Reached skill level 8 in Maces & Flails
  6609 | D:6      | Found a deep blue altar of Sif Muna.
  6649 | D:6      | Found a staircase to the Ecumenical Temple.
  6658 | Temple   | Entered the Ecumenical Temple
  6665 | Temple   | Became a worshipper of the Shining One
  6870 | D:7      | Noticed a hippogriff
  6883 | D:7      | Killed a hippogriff
  6883 | D:7      | Reached XP level 9. HP: 49/55 MP: 12/12
  7239 | D:7      | Found a sand-covered staircase.
  7250 | Ossuary  | Entered an ossuary
  7259 | Ossuary  | Reached * piety under the Shining One
  7308 | Ossuary  | Reached ** piety under the Shining One
  7388 | Ossuary  | Reached *** piety under the Shining One
  7398 | Ossuary  | Reached skill level 9 in Maces & Flails
  7626 | D:7      | Reached **** piety under the Shining One
  8122 | D:7      | Found a sparkling altar of Nemelex Xobeh.
  8252 | D:7      | Found a glowing silver altar of Zin.
  8253 | D:7      | Found a hide-covered altar of Uskayaw.
  8373 | D:8      | Noticed a two-headed ogre
  8599 | D:8      | Found Ekuep's Distillery.
  8666 | D:8      | Noticed tidbits's ghost (amateur VSCj)
  8683 | D:8      | Killed tidbits's ghost
  8683 | D:8      | Reached skill level 10 in Maces & Flails
  8769 | D:8      | Reached skill level 1 in Invocations
  8960 | D:8      | Reached XP level 10. HP: 45/63 MP: 13/13
  9423 | D:9      | Found a flagged portal.
  9429 | D:9      | Got a crude hand axe
  9434 | D:9      | Identified the +4 hand axe "Egekhlim" {drain, rC+ Str-4 Int+4} (You found it on level 9 of the Dungeon)
  9445 | Bailey   | Entered a bailey
  9486 | Bailey   | Found an iron altar of Okawaru.
  9486 | Bailey   | Noticed a kobold demonologist
  9486 | Bailey   | Noticed an orc high priest
  9488 | Bailey   | Lost mutation: Your mind is very acute. (Int +4) [potion of mutation]
  9488 | Bailey   | Lost mutation: Your mind is acute. (Int +2) [potion of mutation]
  9488 | Bailey   | Gained mutation: Your spells are a little easier to cast, but a little less powerful. [potion of mutation]
  9488 | Bailey   | Gained mutation: You are occasionally teleported next to monsters. [potion of mutation]
  9488 | Bailey   | Gained mutation: You can translocate small distances at will. [potion of mutation]
  9508 | Bailey   | Killed a kobold demonologist
  9519 | Bailey   | Noticed a rust devil
  9530 | Bailey   | Killed an orc high priest
  9728 | Bailey   | Noticed an orc knight
  9753 | Bailey   | Killed an orc knight
  9753 | Bailey   | Reached skill level 11 in Maces & Flails
 10413 | Bailey   | Lost mutation: Your spells are a little easier to cast, but a little less powerful. [potion of mutation]
 10413 | Bailey   | Lost mutation: You can translocate small distances at will. [potion of mutation]
 10413 | Bailey   | Gained mutation: You have supernaturally acute eyesight. (SInv) [potion of mutation]
 10413 | Bailey   | Gained mutation: You have sharp toenails. [potion of mutation]
 10413 | Bailey   | Gained mutation: You have an increased reservoir of magic. (+10% MP) [potion of mutation]
 10414 | Bailey   | Lost mutation: You have sharp toenails. [potion of mutation]
 10414 | Bailey   | Lost mutation: You have supernaturally acute eyesight. (SInv) [potion of mutation]
 10414 | Bailey   | Gained mutation: Your muscles are strong. (Str +2) [potion of mutation]
 10414 | Bailey   | Gained mutation: Your spells are a little harder to cast, but a little more powerful. [potion of mutation]
 10414 | Bailey   | Gained mutation: You are robust. (+10% HP) [potion of mutation]
 10562 | D:9      | Reached XP level 11. HP: 63/75 MP: 15/15
 10600 | D:9      | Found a staircase to the Orcish Mines.
 11013 | D:9      | Found a roughly hewn altar of Beogh.
 11144 | D:10     | Entered Level 10 of the Dungeon
 11233 | D:10     | Reached skill level 5 in Invocations
 11238 | D:10     | Lost mutation: You are robust. (+10% HP) [potion of mutation]
 11238 | D:10     | Lost mutation: You are occasionally teleported next to monsters. [potion of mutation]
 11238 | D:10     | Gained mutation: You are agile. (Dex +2) [potion of mutation]
 11238 | D:10     | Gained mutation: You are resistant to hostile enchantments. (MR+) [potion of mutation]
 11238 | D:10     | Gained mutation: You have a pair of small horns on your head. [potion of mutation]
 11543 | D:10     | Noticed a two-headed ogre
 11543 | D:10     | Reached ***** piety under the Shining One
 11550 | D:10     | Killed a two-headed ogre
 11550 | D:10     | Reached skill level 12 in Maces & Flails
 12363 | D:11     | Found a staircase to the Lair.
 12364 | D:11     | Noticed an oklob plant
 12661 | D:11     | Noticed a six-headed hydra
 12667 | D:11     | Killed a six-headed hydra
 13295 | D:12     | Found a corrupted altar of Lugonu.
 13319 | D:12     | Reached XP level 12. HP: 77/77 MP: 18/18
 13323 | D:12     | Reached skill level 10 in Fighting
 13428 | D:12     | Noticed mortelune's ghost (journeyman DDFi)
 13429 | D:12     | Noticed a five-headed hydra
 13435 | D:12     | Noticed Rupert
 13449 | D:12     | Killed a five-headed hydra
 13449 | D:12     | Reached skill level 13 in Maces & Flails
 13449 | D:12     | Reached skill level 10 in Armour
 13477 | D:12     | Killed mortelune's ghost
 13480 | D:12     | Killed Rupert
 13901 | D:13     | Found an iron altar of Okawaru.
 14039 | D:13     | Noticed a death knight
 14086 | D:12     | Slain by a phantasmal warrior

Skill      XL: |  1  2  3  4  5  6  7  8  9 10 11 12 |
---------------+-------------------------------------+-----
Fighting       | 2 3 4 6 7 8 9 10 | 10.5
Armour         | 2 3 4 6 7 8 9 10 | 10.4
Maces & Flails | 4 5 6 8 10 11 12 13 | 13.5
Invocations    | 1 4 6 7 |  7.5
Shields        | 3 |  3.8
Stealth        | |  1.1
Spellcasting   | |  2.0
Earth Magic    | |  1.2

Action                   |  1- 3 |  4- 6 |  7- 9 | 10-12 || total
-------------------------+-------+-------+-------+-------++-------
Melee: Mace              |   130 |   331 |   343 |       ||   804
       Flail             |       |       |   466 |   244 ||   710
       Eveningstar       |       |       |       |   326 ||   326
       Headbutt          |       |       |       |    37 ||    37
Invok: Divine Shield     |       |       |     1 |     5 ||     6
       Cleansing Flame   |       |       |       |     2 ||     2
       Summon Divine War |       |       |       |     1 ||     1
  Use: Potion            |       |     7 |     1 |     5 ||    13
       Scroll            |       |       |    11 |    17 ||    28
  Eat: Chunk             |     3 |     8 |    11 |    17 ||    39
       Ration            |       |       |     2 |       ||     2
Armor: Ring mail         |    26 |       |       |       ||    26
       Plate armour      |    64 |   296 |   723 |   376 ||  1459
       Skin              |       |    24 |       |       ||    24
Dodge: Dodged            |    50 |    65 |   200 |   154 ||   469
Block: Other             |       |       |       |    25 ||    25
